 Dungeon Crawl Stone Soup version 0.27-a0-1105-g946c659c87 (webtiles) character file.

Game seed: 9575893349925852668

626330 Gaff the Sorcerer (level 27, -9/175 HPs)
             Began as a Djinni Earth Elementalist on Apr 28, 2021.
             Was the Champion of Makhleb.
             Killed from afar by an iron giant (57 damage)
             ... with an iron shot
             ... created by the effects of Hell
             ... on level 5 of the Iron City of Dis on Apr 30, 2021.
             The game lasted 10:09:03 (70862 turns).

Gaff the Sorcerer (Djinni Earth Elementalist)      Turns: 70862, Time: 10:09:04

Health: -9/175     AC: 30    Str:  9    XL:     27
Gold:   4845       EV:  9    Int: 45    God:    Makhleb [******] SH: 15 Dex: 13

rFire    + + +     SeeInvis .   V - +1 war axe of the Pyrrhic Victory {pain, rCorr Int+8 Dex-2 Stlth-}
rCold    + + .     Faith    .   j - +2 shield of Resistance {rF++ rC++ Will++}
rNeg     + + +     Spirit   .   P - +3 storm dragon scales {Bai Suzhen}
rPois    ∞         Reflect  .   r - +2 helmet "Kaek" {Slay+5}
rElec    +         Harm     .   y - +2 cloak of the Eleven Souls {Str+2 Int+2}
rCorr    +         Rampage  .   g - +0 pair of gloves of Okawaru's Supremacy {*Slow rN++ Regen+}
Will     +++++                  (boots unavailable)
Stlth    ..........             c - amulet of regeneration
HPRegen  2.39/turn              R - ring of Rahohyzo {rN++ Will+++ Int+6 Slay-6}
MPRegen  0.00/turn              d - ring "Pituabre" {rC+ rN+ Will+ Slay-4}

@: flying, studying 3 skills
A: fire resistance 2, cold vulnerability 1, float, innate caster, hp casting,
extra vitality 1
}: 3/15 runes: decaying, silver, gossamer
a: Renounce Religion, Minor Destruction, Lesser Servant of Makhleb, Major
Destruction, Greater Servant of Makhleb


You were on level 5 of the Iron City of Dis.
You worshipped Makhleb.
Makhleb was exalted by your worship.
You visited 14 branches of the dungeon, and saw 56 of its levels.
You visited 1 bazaar.
You also visited: Trove, Bailey, Gauntlet and Ice Cave.

You collected 9484 gold pieces.
You spent 4639 gold pieces at shops.

Inventory:

Hand Weapons
 a - the +11 falchion "Cuseipp" {vorpal, *Noise rElec rN+ Str+3}
   (You found it on level 3 of the Spider Nest)

   It inflicts extra damage upon your enemies.
   It affects your strength (+3).
   It insulates you from electricity.
   It protects you from negative energy.
   It may make noises in combat.
 V - the +1 war axe of the Pyrrhic Victory (weapon) {pain, rCorr Int+8 Dex-2 Stlth-}
   (You took it off a deep elf annihilator on level 3 of the Elven Halls)

   In the hands of one skilled in necromantic magic, it inflicts extra damage on
   living creatures.
   It affects your intelligence (+8).
   It affects your dexterity (-2).
   It protects you from acid and corrosion.
   It makes you less stealthy.
Missiles
 h - 8 boomerangs of dispersal
 x - 3 throwing nets
 J - 15 silver javelins
Armour
 g - the +0 pair of gloves of Okawaru's Supremacy (worn) {*Slow rN++ Regen+}
   (You acquired it on level 8 of the Dungeon)

   It greatly protects you from negative energy.
   It increases your rate of health regeneration.
   It may slow you when you take damage.
 j - the +2 shield of Resistance (worn) {rF++ rC++ Will++}
   (You took it off a vampire mage on level 3 of the Crypt)

   It greatly protects you from fire.
   It greatly protects you from cold.
   It greatly increases your willpower.
 q - a +4 troll leather armour
 r - the +2 helmet "Kaek" (worn) {Slay+5}
   (You found it on level 2 of the Depths)

   It affects your accuracy and damage with ranged weapons and melee attacks
   (+5).
 y - the +2 cloak of the Eleven Souls (worn) {Str+2 Int+2}
   (You found it on level 3 of the Elven Halls)

   It affects your strength (+2).
   It affects your intelligence (+2).
 F - the +0 pair of gloves "Seim Per" {rN+ Will+ Str+4}
   (You found it in a treasure trove)

   It affects your strength (+4).
   It protects you from negative energy.
   It increases your willpower.
 P - +3 storm dragon scales (worn) {Bai Suzhen}
 Q - the +7 ring mail of Purpose {Will- Dex+5}
   (You bought it in a shop on level 3 of the Elven Halls)

   It affects your dexterity (+5).
   It decreases your willpower.
Magical Staves
 b - a staff of conjuration
Jewellery
 c - an amulet of regeneration (around neck)
 d - the ring "Pituabre" (right hand) {rC+ rN+ Will+ Slay-4}
   (You found it in a Gauntlet)

   [ring of protection from cold]

   It affects your accuracy and damage with ranged weapons and melee attacks
   (-4).
   It protects you from cold.
   It protects you from negative energy.
   It increases your willpower.
 e - the ring of Attitude {Fire rElec Str+6}
   (You found it on level 2 of the Elven Halls)

   [ring of fire]

   It enhances your fire magic.
   It affects your strength (+6).
   It protects you from fire.
   It makes you vulnerable to cold.
   It insulates you from electricity.
 R - the ring of Rahohyzo (left hand) {rN++ Will+++ Int+6 Slay-6}
   (You bought it in a shop on level 1 of the Orcish Mines)

   [ring of intelligence]

   It affects your intelligence (+6).
   It affects your accuracy and damage with ranged weapons and melee attacks
   (-6).
   It greatly protects you from negative energy.
   It greatly increases your willpower.
Wands
 z - a wand of paralysis (14)
 N - a wand of acid (7)
 S - a wand of digging (50)
Scrolls
 l - 4 scrolls of fog
 H - 6 scrolls of fear
 K - 9 scrolls of immolation
 L - 5 scrolls of silence
 O - 7 scrolls of magic mapping
 T - 14 scrolls of teleportation
 U - 4 scrolls of blinking
Potions
 i - 4 potions of cancellation
 k - 4 potions of haste
 m - a potion of might
 s - 2 potions of curing
 u - 14 potions of ambrosia
 v - 8 potions of lignification
 A - a potion of heal wounds
 B - a potion of invisibility
 D - 6 potions of brilliance
 M - 3 potions of resistance
 W - 12 potions of mutation
Miscellaneous
 w - a phial of floods
 E - a condenser vane
 X - a box of beasts
 Z - a tin of tremorstones (2/2)


   Skills:
 - Level 12.8 Fighting
 - Level 2.4(6.0) Short Blades
 - Level 8.7(8.9) Long Blades
 + Level 17.2 Armour
 + Level 17.9 Dodging
 - Level 5.7 Stealth
 - Level 15.0 Shields
 + Level 26.0 Spellcasting
 - Level 14.2 Invocations
 - Level 15.0 Evocations


You couldn't memorise any spells.
You knew the following spells:

 Your Spells              Type           Power      Damage    Failure   Level
a - Sandblast             Erth           100%       2d20      0%          1
b - Passwall              Tmut/Erth      100%       N/A       0%          2
c - Stone Arrow           Conj/Erth      100%       3d13      0%          3
d - Petrify               Tmut/Erth      100%       N/A       0%          4
e - Lee's Rapid Deconstr  Erth           69%        3d32*     0%          5
f - Corona                Hex            100%       N/A       0%          1
g - Slow                  Hex            100%       N/A       0%          2
h - Call Imp              Summ           100%       N/A       0%          2
i - Inner Flame           Hex/Fire       100%       N/A       0%          3
j - Fireball              Conj/Fire      69%        3d26      0%          5
k - Bolt of Magma         Conj/Fire/Erth 69%        4d27      0%          5
l - Death Channel         Necr           69%        N/A       0%          6
m - Orb of Destruction    Conj           69%        9d18      1%          7
n - Simulacrum            Ice/Necr       69%        N/A       0%          6
o - Borgnjor's Revivific  Necr           69%        N/A       1%          8
p - Malign Gateway        Summ/Tloc      69%        N/A       1%          7
q - Lehudib's Crystal Sp  Conj/Erth      69%        10d16     1%          8
r - Shatter               Erth           69%        3d51*     11%         9
Your spell library was empty.

Dungeon Overview and Level Annotations

Branches:
Dungeon (15/15)            Temple (1/1) D:5            Lair (6/6) D:8
  Swamp (4/4) Lair:4       Spider (4/4) Lair:2        Slime (1/5) Lair:6
    Orc (2/2) D:11            Elf (3/3) Orc:2        Vaults (5/5) D:13
  Crypt (3/3) Vaults:3       Tomb (0/3) Crypt:3      Depths (5/5) D:15
   Hell (visited)             Dis (5/7) Hell            Geh (0/7) Hell
    Coc (0/7) Hell            Tar (1/7) Hell            Zot (0/5) Depths:5
 Bailey (visited)           IceCv (visited)         Gauntlet (visited)

Altars:
Ashenzari
Cheibriados
Dithmenos
Elyvilon
Fedhas
Gozag
Hepliaklqana
Kikubaaqudgha
Makhleb
Nemelex Xobeh
Okawaru
Qazlal
Ru
Sif Muna
Trog
Uskayaw
Vehumet
Wu Jian
Xom
Yredelemnul
Zin
The Shining One
Beogh

Shops:
D:7 !?!   Orc:1 =   Orc:2 (:[*   Elf:3 [   Vaults:1 (   Vaults:2 :   Vaults:4 !

Portals:
Hell: Depths:1 Depths:2 Depths:3 Depths:4 Depths:5
Abyss: Crypt:3 Depths:1 Depths:3 Depths:4
Pandemonium: Depths:1 Depths:2 Depths:3 Depths:4 Depths:5
Ziggurat: Depths:5

Annotations:
Vaults:3 Mara
Crypt:3 2 transporters, Cips's ghost, veteran GrFi


Innate Abilities, Weirdness & Mutations

You are immune to poison.
Your flesh is very heat resistant. (rF++)
You are vulnerable to cold. (rC-)
You float through the air rather than walking.
You learn spells naturally, not from books.
Your magical power is your life essence.
You have superior vitality. (+4 HP)


Message History

Casting: Lee's Rapid Deconstruction (safe; 0% risk of failure)
Confirm with . or Enter, or press ? or * to list all spells.
Okay, then.
Aiming: Lehudib's Crystal Spear (mildly dangerous; 1% risk of failure)
Press: ? - help, Q - select action, (/) - cycle Shift-Dir - straight line, f - ancient champion
Aim: an ancient champion, wielding a +3 battleaxe of flaming and wearing a +0 plate armour (91% to hit)
The crystal spear hits the ancient champion!!!
The ancient champion is heavily damaged.
* * * LOW HITPOINT WARNING * * *
The ancient champion gestures wildly while chanting.
The ancient champion seems to speed up.
Aiming: Lehudib's Crystal Spear (mildly dangerous; 1% risk of failure)
Press: ? - help, Q - select action, (/) - cycle Shift-Dir - straight line, f/p - ancient champion
Aim: an ancient champion, wielding a +3 battleaxe of flaming and wearing a +0 plate armour (heavily damaged, fast, 91% to hit)
The crystal spear hits the ancient champion!!!!
You destroy the ancient champion!
Makhleb accepts your kill.
* * * LOW HITPOINT WARNING * * *
You block the skeletal warrior's attack.
The iron giant gestures at you while chanting.
The iron shot misses you.
Casting: Lehudib's Crystal Spear (mildly dangerous; 1% risk of failure)
Confirm with . or Enter, or press ? or * to list all spells.
Aiming: Lee's Rapid Deconstruction (safe; 0% risk of failure)
Press: ? - help, Dir - move target, f - skeletal warrior Fragment what (e.g. wall or brittle monster)?: a skeletal warrior, wielding a +0 halberd (severely damaged)
The skeletal warrior shatters!!!
You blow up the skeletal warrior!
Makhleb accepts your kill.
You feel better.
The blast of bone shards hits the iron giant!!
The iron giant is heavily wounded.
The blast of bone shards hits the skeletal warrior!!
You destroy the skeletal warrior!
Makhleb accepts your kill.
You feel better.
* * * LOW HITPOINT WARNING * * *
The iron giant gestures at you while chanting.
The iron shot hits you!!!
You die...

#.........#
#.........#
######)####
#....))...#
#.........#
#......zZ.#
#......C))#
########)##
#.......@.#
#.........#
#.....^...#
#.........#
#.........#
#.........#
#######'###
#.........#
#.........#


You could see an iron giant, an ancient champion and a frost giant zombie.

Vanquished Creatures
  2 ancient liches
  Mennas (Depths:2)
  A juggernaut (Depths:2)
  Sojobo (Depths:1)
  Bai Suzhen (Vaults:5)
  Margery (Crypt:3)
  Geryon (Hell)
  Xtahua (Crypt:3)
  13 caustic shrikes
  5 golden dragons
  Nikola (Swamp:3)
  A bone dragon (Depths:5)
  Jory (Crypt:2)
  Arachne (Spider:3)
  3 Tzitzimimeh (Tar:1)
  The ghost of Lel Raxe the Hoplite, an adept MiFi of Okawaru (Vaults:4)
  3 doom hounds (Tar:1)
  6 liches
  Rupert (Lair:5)
  6 tentacled monstrosities
  Asterion (Spider:4)
  A deep elf master archer (Elf:3)
  3 titans
  A deep elf blademaster (Elf:3)
  3 quicksilver dragons (Vaults:5)
  7 sphinxes
  6 ancient champions
  Kirke (D:13)
  Donald (Spider:1)
  Agnes (D:15)
  4 storm dragons
  3 revenants
  5 shadow dragons
  The ghost of UristMcRaven the Eclecticist, an adept DECj of Sif Muna (Swamp:2)
  5 tengu reavers
  10 fire giants
  11 frost giants
  A draconian scorcher (Depths:5)
  17 vault wardens
  3 orc warlords
  11 deep elf sorcerers
  2 ghost moths (Spider:4)
  Aizul (Swamp:3)
  A caustic shrike zombie (Crypt:2)
  6 emperor scorpions
  6 ghouls (Crypt:3)
  3 balrugs
  2 curse skulls
  2 draconian stormcallers (Depths:5)
  A spriggan defender (Depths:4)
  23 ironbound preservers
  6 deep elf elementalists
  7 war gargoyles
  14 reapers
  10 stone giants
  7 vampire knights
  34 very ugly things
  4 deep elf demonologists
  Nessos (Lair:5)
  A green draconian (Depths:5)
  12 deep elf annihilators
  7 dire elephants
  2 lorocyprocas
  A purple draconian (Depths:5)
  A red draconian (Depths:5)
  2 white draconians (Depths:5)
  2 entropy weavers
  A dire elephant (shapeshifter) (Vaults:5)
  6 spark wasps
  A yellow draconian (Depths:5)
  2 bunyips (Swamp:3)
  6 eidola
  A merfolk impaler (Depths:4)
  7 deep elf death magi
  10 ettins
  2 blizzard demons (Dis:1)
  4 eleionomae
  5 deep elf high priests
  A green death (Hell)
  Snorg (Lair:6)
  7 yaktaur captains
  A shambling mangrove (Swamp:4)
  10 ironbound thunderhulks
  14 fire dragons
  4 jiangshi
  4 ghost crabs
  5 rakshasas
  4 ice dragons
  5 great orbs of eyes
  20 hydras
  Erolcha (Orc:1)
  42 vault guards
  A quicksilver dragon skeleton (Tar:1)
  Fannar (Orc:1)
  6 spriggan air magi
  4 peacekeepers
  6 boulder beetles
  13 two-headed ogres
  The ghost of Tesamn the Cleaver, a novice MiBe of Trog (D:12)
  An anaconda (shapeshifter) (Depths:4)
  5 death knights
  5 deep troll shamans
  13 ironbound frosthearts
  5 alligators
  11 death yaks
  9 centaur warriors
  8 tengu warriors
  25 dancing weapons
  6 ironbound beastmasters
  Urug (Lair:5)
  6 deep troll earth magi
  7 vampire magi
  4 spriggan berserkers
  7 sun demons
  2 hell hogs (Depths:1)
  A titan zombie (Hell)
  19 hell knights
  5 orc high priests
  12 deep elf knights
  Sonja (Lair:1)
  10 soul eaters
  2 fire crabs (Lair:6)
  4 iron trolls
  A salamander mystic (Depths:2)
  A storm dragon zombie (Crypt:2)
  A golden dragon zombie (Hell)
  3 sixfirhies
  15 shadow wraiths
  8 goliath frogs
  2 spark wasp zombies (Hell)
  42 skeletal warriors
  10 bog bodies
  A spriggan druid (Swamp:4)
  A shadow demon (Tar:1)
  A ghost moth zombie (Tar:1)
  An infernal demonspawn (Depths:3)
  4 glowing orange brains
  51 deep trolls
  10 flayed ghosts
  21 ironbound convokers
  11 wizards
  12 deep elf archers
  3 lindwurms
  An orange crystal statue (Elf:3)
  A spectral iron dragon (Crypt:3)
  26 phantasmal warriors
  6 swamp dragons
  A wolf spider zombie (Dis:1)
  A bunyip skeleton (Crypt:3)
  2 sphinx zombies (Hell)
  32 deep elf zephyrmancers
  13 orc knights
  6 orb spiders
  31 deep elf pyromancers
  3 frost giant zombies
  9 necromancers
  An iron dragon zombie (Dis:4)
  A tengu skeleton (Depths:1)
  2 stone giant zombies
  A shadow dragon zombie (Hell)
  38 ugly things
  A manticore (D:12)
  An eleionoma zombie (Crypt:3)
  23 wolf spiders
  A salamander (Depths:2)
  2 centaur zombies (D:10)
  A will-o-the-wisp (Swamp:1)
  5 orc sorcerers
  4 cyclopes
  11 elephants
  3 moths of wrath
  7 black mambas
  A fire giant skeleton (Depths:1)
  A goliath frog skeleton (Crypt:2)
  6 rust devils
  2 shock serpent zombies
  2 ice statues
  10 torpor snails
  7 smoke demons
  20 vault sentinels
  12 cane toads
  2 orange demons
  5 molten gargoyles
  3 gargoyles
  An elephant slug zombie (Crypt:3)
  A dire elephant skeleton (Tar:1)
  An alligator snapping turtle zombie (Crypt:2)
  2 elf skeletons
  8 hellions
  5 rime drakes
  3 sea snake zombies (Hell)
  A tengu conjurer (Depths:4)
  An emperor scorpion zombie (Dis:1)
  6 tormentors
  A catoblepas zombie (Dis:5)
  10 demonic crawlers
  24 yaktaurs
  A golden dragon simulacrum (Depths:1)
  10 ice devils
  An efreet (D:14)
  6 komodo dragons
  6 hydra zombies
  13 freezing wraiths
  A troll (shapeshifter) (D:15)
  A death yak skeleton (Crypt:3)
  18 polar bears
  5 trolls
  3 queen bees
  8 red devils
  Prince Ribbit (D:5)
  6 meliai
  30 jumping spiders
  16 hornets
  2 bloated husks
  21 blink frogs
  4 tyrant leeches
  2 ettin zombies
  A frost giant simulacrum (Depths:1)
  19 dream sheep
  An alligator zombie (Hell)
  3 fire dragon zombies
  12 slime creatures
  An elf zombie (Hell)
  2 deep troll zombies (Hell)
  A spectral black mamba (Crypt:3)
  4 centaur simulacra
  33 flying skulls
  4 air elementals
  8 spriggans
  3 vampires
  A snapping turtle (shapeshifter) (Depths:5)
  58 redbacks
  A spriggan (shapeshifter) (D:14)
  An ice dragon skeleton (Tar:1)
  13 shadows
  9 water elementals
  21 tarantellas
  6 wyverns
  19 wraiths
  A ynoxinul (Depths:3)
  A fire elemental (Elf:3)
  4 hogs (D:13)
  7 basilisks
  A fire bat (D:13)
  5 steam dragons
  27 yaks
  A neqoxec (Depths:3)
  A redback simulacrum (D:15)
  12 vampire mosquitoes
  2 wargs
  A swamp worm (shapeshifter) (Vaults:5)
  An acid dragon (D:10)
  11 swamp worms
  19 water moccasins
  5 hell hounds
  A cane toad zombie (Dis:5)
  9 ice beasts
  A torturous demonspawn skeleton (Crypt:1)
  50 orc warriors
  4 black bears
  8 swamp drakes
  A lindwurm zombie (Crypt:3)
  A dream sheep zombie (Crypt:1)
  12 ogres
  A blink frog zombie (Crypt:2)
  22 wolves
  2 spriggan simulacra (Swamp:2)
  7 necrophages
  5 boggarts (Vaults:4)
  A blink frog skeleton (Crypt:1)
  A torpor snail zombie (Crypt:1)
  2 phantoms
  A rime drake zombie (Crypt:2)
  6 centaurs
  A gnoll sergeant (D:9)
  3 kobold brigands
  12 bullfrogs
  2 wyvern zombies
  A komodo dragon skeleton (Crypt:3)
  2 earth elementals
  2 scorpions
  A salamander skeleton (Crypt:3)
  A water moccasin skeleton (D:6)
  A warg skeleton (Crypt:2)
  58 killer bees
  12 wights
  11 electric eels
  7 howler monkeys
  2 vampire bats (Lair:1)
  5 lava snakes (Lair:6)
  3 hounds
  A hound (shapeshifter) (Elf:3)
  A basilisk zombie (Crypt:2)
  6 gnoll shamans
  21 orc priests
  2 bullfrog skeletons
  4 iron imps
  5 jellies
  A human skeleton (Crypt:3)
  2 iguanas (D:4)
  32 orc wizards
  12 hell rats
  A killer bee zombie (D:8)
  An acid dragon zombie (Crypt:1)
  A demigod skeleton (Crypt:3)
  2 hound skeletons (D:4)
  2 mummies
  35 gnolls
  8 adders
  5 river rats (Lair:1)
  5 shadow imps
  A white imp (D:11)
  2 ufetubi
  An adder skeleton (D:4)
  A lava snake skeleton (Crypt:1)
  6 worms
  106 orcs
  6 ball pythons
  17 bats
  6 endoplasms
  5 giant cockroaches
  22 goblins
  7 hobgoblins
  23 kobolds
  4 quokkas
  A ball python skeleton (Crypt:3)
  2 frilled lizards
  13 rats
  2 river rat skeletons (Crypt:1)
2344 creatures vanquished.

Vanquished Creatures (collateral kills)
  An ancient lich (Hell)
  A juggernaut (Depths:4)
  2 caustic shrikes
  A golden dragon (Vaults:5)
  A tentacled monstrosity (Vaults:5)
  A titan (Depths:4)
  A sphinx (Depths:4)
  2 tengu reavers
  2 frost giants
  3 vault wardens
  2 emperor scorpions (Spider:4)
  A deep elf elementalist (Elf:3)
  4 very ugly things
  6 ironbound preservers
  3 stone giants
  A vampire knight (Depths:4)
  A bunyip (Swamp:2)
  An eleionoma (Swamp:2)
  A shambling mangrove (Swamp:4)
  6 fire dragons
  2 yaktaur captains
  4 vault guards
  3 great orbs of eyes
  5 hydras
  3 ice dragons
  An ice dragon (shapeshifter) (Vaults:5)
  An ironbound frostheart (Vaults:5)
  An alligator (Swamp:4)
  6 deep troll shamans
  3 deep troll earth magi
  3 spriggan berserkers
  A tengu warrior (Depths:4)
  2 deep elf knights (Elf:1)
  2 iron trolls
  A goliath frog (Swamp:4)
  18 deep trolls
  2 swamp dragons (Swamp:4)
  A deep elf archer (Elf:1)
  2 bog bodies
  A harpy (Vaults:5)
  A salamander (Depths:2)
  A deep elf zephyrmancer (Elf:1)
  An ironbound convoker (Vaults:1)
  2 wolf spiders (Spider:2)
  4 ugly things
  An orc knight (Vaults:5)
  3 orb spiders (Spider:4)
  5 elephants (Lair:6)
  A vault sentinel (Vaults:4)
  A centaur zombie (D:11)
  4 yaktaurs
  2 jumping spiders (Spider:4)
  3 demonic crawlers
  A troll (Vaults:5)
  A tyrant leech (Swamp:4)
  A hornet (Swamp:4)
  A slime creature (Vaults:2)
  A dream sheep (Lair:6)
  A spriggan (Swamp:4)
  A tarantella (Spider:4)
  10 redbacks
  A redback (shapeshifter) (Vaults:5)
  A wyvern (Lair:6)
  A fire bat (D:13)
  A basilisk (Lair:6)
  3 yaks (Lair:6)
  2 water moccasins (Lair:6)
  A hell hound (Lair:6)
  A swamp drake (Swamp:4)
  A wolf (Gauntlet)
  A bullfrog (D:8)
  An earth elemental (Elf:1)
  4 killer bees (Lair:6)
  An electric eel (Spider:4)
  A jelly (Lair:6)
  A centaur skeleton (D:6)
  3 gnolls
  An orc (Vaults:5)
  A bat (D:13)
  4 kobolds (Bailey)
179 creatures vanquished.

Vanquished Creatures (others)
  6 eldritch tentacles
  A fire giant (Depths:3)
  A tengu warrior (Depths:3)
  A deep elf knight (Elf:1)
  2 phantasmal warriors (Depths:3)
  A wolf spider (Spider:4)
  2 bloated husks (Swamp:2)
  A spectral death drake (Swamp:2)
  3 vampire mosquitoes (Swamp:2)
  35 fungi
  131 plants
  15 withered plants (Crypt:3)
199 creatures vanquished.

Grand Total: 2722 creatures vanquished

Notes
Turn   | Place    | Note
-------+----------+-------------------------------------------
     0 | D:1      | Gaff the Djinni Earth Elementalist began the quest for the
                  | Orb.
     0 | D:1      | Reached XP level 1. HP: 15/15 MP: 0/0
   189 | D:1      | Reached skill level 3 in Spellcasting
   236 | D:1      | Reached XP level 2. HP: 8/21 MP: 0/0
  1088 | D:2      | Reached skill level 1 in Fighting
  1088 | D:2      | Reached XP level 3. HP: 26/27 MP: 0/0
  1088 | D:2      | Learned a level 1 spell: Corona
  2601 | D:3      | Reached XP level 4. HP: 29/32 MP: 0/0
  2975 | D:3      | Reached skill level 4 in Spellcasting
  3403 | D:3      | Noticed a kobold brigand
  3420 | D:3      | Killed a kobold brigand
  3421 | D:3      | Reached XP level 5. HP: 25/39 MP: 0/0
  3421 | D:3      | Learned a level 2 spell: Slow
  3858 | D:4      | Noticed an ogre
  4267 | D:4      | Reached XP level 6. HP: 45/45 MP: 0/0
  4603 | D:4      | Reached skill level 5 in Spellcasting
  4934 | D:4      | Found a hazy altar of Hepliaklqana.
  4934 | D:4      | Found a hide-covered altar of Uskayaw.
  4937 | D:4      | Found a basalt altar of Yredelemnul.
  4943 | D:4      | Found a shimmering altar of Xom.
  4943 | D:4      | Found a glowing golden altar of the Shining One.
  4948 | D:4      | Found a burning altar of Makhleb.
  5563 | D:4      | Reached XP level 7. HP: 12/51 MP: 0/0
  5563 | D:4      | Learned a level 2 spell: Call Imp
  6227 | D:4      | Became a worshipper of Makhleb the Destroyer
  6265 | D:5      | Entered Level 5 of the Dungeon
  6282 | D:5      | Reached skill level 6 in Spellcasting
  6589 | D:5      | Noticed Prince Ribbit
  6829 | D:5      | Killed Prince Ribbit
  7340 | D:5      | Reached XP level 8. HP: 46/58 MP: 0/0
  7602 | D:5      | Reached skill level 5 in Fighting
  7602 | D:5      | Reached skill level 7 in Spellcasting
  7639 | D:5      | Found a staircase to the Ecumenical Temple.
  8024 | Temple   | Entered the Ecumenical Temple
  8933 | D:6      | Reached skill level 8 in Spellcasting
  9193 | D:6      | Reached XP level 9. HP: 63/66 MP: 0/0
  9193 | D:6      | Learned a level 3 spell: Inner Flame
  9562 | D:6      | Reached * piety under Makhleb
 10229 | D:7      | Found Peoz's Distillery.
 10389 | D:7      | Reached skill level 9 in Spellcasting
 10856 | D:7      | Reached ** piety under Makhleb
 10941 | D:7      | Found Xob Inetwana's Magic Scroll Shoppe.
 10965 | D:7      | Bought a scroll of teleportation for 30 gold pieces
 10969 | D:7      | Bought 2 scrolls of identify for 40 gold pieces
 11079 | D:7      | Found Etsuarr's Distillery.
 11086 | D:7      | Bought a potion of heal wounds for 55 gold pieces
 11486 | D:8      | Found a flagged portal.
 11514 | Bailey   | Entered a bailey
 12005 | Bailey   | Reached skill level 10 in Spellcasting
 12022 | Bailey   | Reached *** piety under Makhleb
 12241 | Bailey   | Identified the +0 scale mail of Peek-a-Boo {Rampage rF+ rC+
                  | Will+}
 12390 | D:8      | Reached skill level 1 in Armour
 12428 | D:8      | Reached XP level 10. HP: 47/72 MP: 0/0
 12826 | D:8      | Found a broken altar of Ashenzari.
 13377 | D:8      | Reached skill level 11 in Spellcasting
 14288 | D:8      | Found a staircase to the Lair.
 14509 | D:9      | Reached **** piety under Makhleb
 14519 | D:9      | Identified the +1 ring mail "Wousch" {*Slow rPois Str+9}
 14938 | D:9      | Noticed a two-headed ogre
 14962 | D:9      | Killed a two-headed ogre
 15039 | D:9      | Noticed a gargoyle
 15049 | D:9      | Killed a gargoyle
 15904 | D:10     | Entered Level 10 of the Dungeon
 16074 | D:10     | Reached skill level 1 in Shields
 16074 | D:10     | Reached skill level 12 in Spellcasting
 16074 | D:10     | Reached XP level 11. HP: 56/78 MP: 0/0
 16074 | D:10     | Learned a level 5 spell: Fireball
 16225 | D:10     | Noticed a two-headed ogre
 16240 | D:10     | Killed a two-headed ogre
 16392 | D:10     | Noticed a sixfirhy
 16393 | D:10     | Found a runed translucent door.
 16407 | D:10     | You are sucked into a shaft and drop 3 floors!
 16407 | D:13     | Noticed a six-headed hydra
 16408 | D:13     | Noticed a boulder beetle
 16429 | D:13     | Killed a six-headed hydra
 16578 | D:12     | Noticed a cyclops
 16587 | D:12     | Killed a cyclops
 16629 | D:12     | Noticed a two-headed ogre
 16634 | D:12     | Killed a two-headed ogre
 16859 | D:12     | Noticed a two-headed ogre
 16863 | D:12     | Killed a two-headed ogre
 16965 | D:12     | Reached skill level 13 in Spellcasting
 17040 | D:11     | Found a frozen archway.
 17072 | D:11     | Noticed a death yak
 17088 | D:11     | Killed a death yak
 17112 | D:11     | Reached XP level 12. HP: 31/84 MP: 0/0
 17206 | IceCv    | Entered an ice cave
 17405 | IceCv    | Reached skill level 14 in Spellcasting
 18757 | IceCv    | Noticed a frost giant
 19874 | IceCv    | Killed a frost giant
 19875 | IceCv    | Reached skill level 5 in Armour
 20458 | IceCv    | Reached ***** piety under Makhleb
 21103 | D:11     | Reached skill level 15 in Spellcasting
 21107 | D:11     | Noticed a two-headed ogre
 21109 | D:11     | Killed a two-headed ogre
 21667 | D:11     | Found a staircase to the Orcish Mines.
 22320 | D:11     | Reached XP level 13. HP: 85/90 MP: 0/0
 22320 | D:11     | Learned a level 5 spell: Bolt of Magma
 22575 | Lair:1   | Entered Level 1 of the Lair of Beasts
 22997 | Lair:1   | Noticed Sonja
 23003 | Lair:1   | Killed Sonja
 23013 | Lair:1   | Identified the ring "Ruxzuet" {rPois rF+ rC+ Str+2 Int-4}
 23910 | Lair:2   | Identified the +4 trident of Imminent Death {flame, *Rage
                  | rC+ SInv}
 24208 | Lair:2   | Found a hole to the Spider Nest.
 24212 | Lair:2   | Reached skill level 16 in Spellcasting
 24283 | Lair:2   | Found a gate leading to a gauntlet.
 24304 | Gauntlet | Entered a Gauntlet
 24304 | Gauntlet | Found a transporter.
 24304 | Gauntlet | Found a transporter.
 24312 | Gauntlet | Found a transporter.
 24312 | Gauntlet | Found a transporter.
 24314 | Gauntlet | Found a transporter.
 24326 | Gauntlet | Found a transporter.
 24342 | Gauntlet | Found a transporter.
 24362 | Gauntlet | Found a transporter.
 24362 | Gauntlet | Found a transporter.
 24364 | Gauntlet | Found a transporter.
 24364 | Gauntlet | Noticed a balrug
 24366 | Gauntlet | Found a runed translucent door.
 24379 | Gauntlet | Found a transporter.
 24391 | Gauntlet | Found a transporter.
 24393 | Gauntlet | Found a runed translucent door.
 24401 | Gauntlet | Found a transporter.
 24463 | Gauntlet | Found a transporter.
 24792 | Gauntlet | Identified the ring of Dimpiuxu {*Corrode Fly rElec Dex+8
                  | Slay-4}
 24869 | Gauntlet | Identified the ring "Pituabre" {rC+ rN+ Will+ Slay-4}
 25217 | Gauntlet | Noticed a minotaur
 25249 | Gauntlet | Identified Sif Muna's Papyrus of Air
 25249 | Gauntlet | Identified the Incunabulum of Ensnaring Feathers
 26750 | Lair:3   | Reached XP level 14. HP: 96/101 MP: 0/0
 27156 | Lair:3   | Reached ****** piety under Makhleb
 27488 | Lair:4   | Reached skill level 10 in Fighting
 27493 | Lair:4   | Reached skill level 1 in Invocations
 27566 | Lair:4   | Reached skill level 17 in Spellcasting
 27653 | Lair:4   | Identified the +1 longbow "Agek" {speed, rCorr Int+8 Dex-3
                  | SInv}
 27844 | Lair:4   | Found a staircase to the Swamp.
 28475 | Lair:5   | Noticed Urug
 28478 | Lair:5   | Killed Urug
 28524 | Lair:5   | Noticed Nessos
 28674 | Lair:5   | Killed Nessos
 28800 | Lair:5   | Noticed Rupert
 28885 | Lair:5   | Killed Rupert
 29554 | Lair:6   | Entered Level 6 of the Lair of Beasts
 29562 | Lair:6   | Reached XP level 15. HP: 106/110 MP: 0/0
 29562 | Lair:6   | Learned a level 6 spell: Death Channel
 29678 | Lair:6   | Noticed Snorg
 29684 | Lair:6   | Killed Snorg
 29719 | Lair:6   | Reached skill level 18 in Spellcasting
 29775 | Lair:6   | Found a staircase to the Slime Pits.
 29971 | Lair:6   | Found a large runed translucent door.
 29971 | Lair:6   | Found a large runed translucent door.
 30952 | Orc:1    | Entered Level 1 of the Orcish Mines
 31002 | Orc:1    | Noticed Fannar
 31008 | Orc:1    | Killed Fannar
 31310 | Orc:2    | Entered Level 2 of the Orcish Mines
 31533 | Orc:2    | Found a staircase to the Elven Halls.
 31641 | Orc:2    | Noticed an orc warlord
 31650 | Orc:2    | Killed an orc warlord
 31881 | Orc:2    | Found Hothrob's Antique Armour Emporium.
 31882 | Orc:2    | Found Puolen's Antique Weapon Shoppe.
 31884 | Orc:2    | Found Ugyzewaa's General Store.
 31884 | Orc:2    | Found Fisk's Book Emporium.
 32066 | Orc:2    | Bought a steaming chain mail for 313 gold pieces
 32066 | Orc:2    | Identified the +8 chain mail "Orulo" {Str+4} (You bought it
                  | in a shop on level 2 of the Orcish Mines)
 32139 | Orc:1    | Noticed Erolcha
 32141 | Orc:1    | Killed Erolcha
 32142 | Orc:1    | Reached XP level 16. HP: 80/120 MP: 0/0
 32159 | Orc:1    | Found Kosaff's Jewellery Boutique.
 32459 | Orc:1    | Bought the ring of Rahohyzo {rN++ Will+++ Int+6 Slay-6} for
                  | 744 gold pieces
 32476 | Orc:1    | Bought an amulet of regeneration for 360 gold pieces
 32578 | D:12     | Noticed Tesamn's ghost (novice MiBe)
 32581 | D:12     | Identified the +8 dire flail "Zinituff" {flame, rPois rC-
                  | Str+2 Int+2}
 32582 | D:12     | Found a transporter.
 32588 | D:12     | Found a transporter.
 33039 | D:12     | Found a sparkling altar of Nemelex Xobeh.
 33275 | D:13     | Noticed Kirke
 33301 | D:13     | Killed Kirke
 33302 | D:13     | Reached skill level 19 in Spellcasting
 33325 | D:13     | Reached skill level 5 in Shields
 33373 | D:13     | Found a gate to the Vaults.
 33814 | D:13     | Found a runed translucent door.
 33850 | D:13     | Found an ornate altar of the Wu Jian Council.
 33888 | D:13     | Found a blossoming altar of Fedhas.
 33912 | D:13     | Found an iron altar of Okawaru.
 33924 | D:13     | Found a shimmering altar of Xom.
 33957 | D:13     | Found a shadowy altar of Dithmenos.
 34192 | D:14     | Found an opulent altar of Gozag.
 34911 | D:15     | Entered Level 15 of the Dungeon
 35382 | D:15     | Noticed Agnes
 35445 | D:15     | Killed Agnes
 35446 | D:15     | Reached skill level 5 in Stealth
 35543 | D:15     | Found a staircase to the Depths.
 35573 | Depths:1 | Entered Level 1 of the Depths
 35740 | Depths:1 | Noticed Sojobo
 35740 | Depths:1 | Noticed a tengu reaver
 35740 | Depths:1 | Noticed a tengu reaver
 35868 | Depths:1 | Reached XP level 17. HP: 125/125 MP: 0/0
 35868 | Depths:1 | Learned a level 7 spell: Orb of Destruction
 36391 | Spider:1 | Entered Level 1 of the Spider Nest
 36824 | Swamp:1  | Entered Level 1 of the Swamp
 37017 | Swamp:1  | Reached skill level 5 in Dodging
 37281 | Swamp:1  | Reached skill level 1 in Evocations
 37444 | Swamp:1  | Reached skill level 20 in Spellcasting
 37649 | Swamp:1  | You are sucked into a shaft and drop 1 floor!
 37706 | Swamp:2  | Found the macabre finger necklace {rN+}
 37735 | Swamp:2  | Found a transporter.
 37909 | Swamp:2  | Found a transporter.
 37909 | Swamp:2  | Noticed UristMcRaven's ghost (adept DECj)
 38817 | Depths:1 | Found a one-way gate to the infinite horrors of the Abyss.
 38968 | Depths:1 | Found a gateway to Hell.
 39079 | Depths:1 | Found a one-way gate leading to the halls of Pandemonium.
 39131 | Depths:1 | Found a bloodstained altar of Trog.
 39646 | Depths:2 | Noticed a sphinx
 39654 | Depths:2 | Killed a sphinx
 39761 | Depths:2 | Reached XP level 18. HP: 105/131 MP: 0/0
 39837 | Depths:2 | Reached skill level 5 in Evocations
 40176 | Depths:2 | Identified the +2 helmet "Kaek" {Slay+5}
 40281 | Depths:2 | Noticed a juggernaut
 40296 | Depths:2 | Killed a juggernaut
 40471 | Depths:2 | Found the +8 Wrath of Trog {antimagic, *Rage}
 40499 | Depths:2 | Noticed a golden dragon
 40514 | Depths:2 | Killed a golden dragon
 40572 | Depths:2 | Identified the amulet "Onoeras" {Acrobat Int+4 Stlth+}
 40575 | Depths:2 | Identified Namukluh's Papyrus of Ignition
 41230 | Elf:1    | Entered Level 1 of the Elven Halls
 41333 | Elf:1    | Reached skill level 21 in Spellcasting
 41766 | Elf:1    | You are sucked into a shaft and drop 1 floor!
 41769 | Elf:2    | Identified the ring of Attitude {Fire rElec Str+6}
 41799 | Elf:2    | Identified a scroll of acquirement
 41882 | Elf:1    | Reached XP level 19. HP: 137/137 MP: 0/0
 41882 | Elf:1    | Learned a level 6 spell: Simulacrum
 41892 | Elf:1    | Reached skill level 10 in Dodging
 42697 | Elf:2    | Found a runed translucent gate.
 42697 | Elf:2    | Found a runed translucent gate.
 42697 | Elf:2    | Found a runed translucent gate.
 43427 | Elf:3    | Entered Level 3 of the Elven Halls
 43673 | Elf:3    | Found Ejock's Antique Armour Emporium.
 43741 | Elf:3    | Bought a smoking ring mail for 306 gold pieces
 43741 | Elf:3    | Identified the +7 ring mail of Purpose {Will- Dex+5} (You
                  | bought it in a shop on level 3 of the Elven Halls)
 43766 | Elf:3    | Reached skill level 5 in Invocations
 43780 | Elf:3    | Reached skill level 10 in Evocations
 43780 | Elf:3    | Reached XP level 20. HP: 133/143 MP: 0/0
 44391 | Elf:3    | Identified the ring of Seobirchi {rPois EV+4 Dex+7}
 44404 | Elf:3    | Identified the +1 war axe of the Pyrrhic Victory {pain,
                  | rCorr Int+8 Dex-2 Stlth-}
 44494 | Elf:3    | Identified the +2 cloak of the Eleven Souls {Str+2 Int+2}
 44514 | Elf:3    | Identified Eniec's Incunabulum of Enthralling Poison
 44605 | Elf:3    | Found the +8 storm bow {elec, penet}
 44678 | Elf:3    | Identified the ring "Dimpeos" {rN+ Int+4}
 44682 | Elf:3    | Identified the +8 hunting sling of Raipom {vorpal, *Slow
                  | Str+2 Int+4}
 44924 | D:11     | Acquired a +0 buckler of resistance
 46687 | Swamp:3  | Noticed Aizul
 46694 | Swamp:3  | Killed Aizul
 46737 | Swamp:3  | Noticed Nikola
 46803 | Swamp:3  | Killed Nikola
 47075 | Swamp:4  | Entered Level 4 of the Swamp
 47286 | Swamp:4  | Got a decaying rune of Zot
 47760 | Vaults:1 | Entered Level 1 of the Vaults
 48261 | Vaults:1 | Reached XP level 21. HP: 123/148 MP: 0/0
 48261 | Vaults:1 | Learned a level 8 spell: Borgnjor's Revivification
 48362 | Vaults:1 | Reached skill level 10 in Invocations
 48526 | Vaults:1 | Reached skill level 22 in Spellcasting
 49263 | Vaults:1 | Found Obliarem's Antique Weapon Boutique.
 49598 | Vaults:2 | Found Muix's Book Shop.
 51045 | Vaults:3 | Reached XP level 22. HP: 144/155 MP: 0/0
 51288 | Vaults:3 | Noticed Mara
 51714 | Vaults:3 | Found a staircase to the Crypt.
 51714 | Vaults:3 | Found a basalt altar of Yredelemnul.
 52171 | Vaults:3 | Reached skill level 10 in Shields
 52957 | Vaults:4 | Identified the +10 arbalest of Ifoabaw {speed, Contam rPois
                  | Str+2 Dex+3}
 52997 | Vaults:4 | Found a large runed translucent door.
 53001 | Vaults:4 | Found a large runed translucent door.
 53010 | Vaults:4 | Noticed Lel Raxe's ghost (adept MiFi)
 53457 | Vaults:4 | Reached XP level 23. HP: 143/160 MP: 0/0
 53457 | Vaults:4 | Learned a level 7 spell: Malign Gateway
 53522 | Vaults:4 | Found Cuunloh's Distillery.
 54285 | Depths:1 | Killed Sojobo
 54564 | D:12     | Killed Tesamn's ghost
 54875 | Swamp:2  | Killed UristMcRaven's ghost
 55228 | Spider:1 | Noticed Donald
 55233 | Spider:1 | Killed Donald
 56368 | Spider:3 | Identified the +11 falchion "Cuseipp" {vorpal, *Noise rElec
                  | rN+ Str+3}
 56740 | Spider:4 | Entered Level 4 of the Spider Nest
 56744 | Spider:4 | Noticed Arachne
 56779 | Spider:4 | Noticed Asterion
 56807 | Spider:4 | Killed Asterion
 56814 | Spider:3 | Killed Arachne
 57076 | Spider:4 | Reached skill level 15 in Evocations
 57085 | Spider:4 | Reached skill level 23 in Spellcasting
 57091 | Spider:4 | Got a gossamer rune of Zot
 57440 | Slime:1  | Entered Level 1 of the Pits of Slime
 57770 | D:8      | Acquired a manual of Invocations
 57774 | D:8      | Acquired the +0 pair of gloves of Okawaru's Supremacy
                  | {*Slow rN++ Regen+}
 58155 | Vaults:4 | Killed Lel Raxe's ghost
 58476 | Depths:3 | Noticed Mennas
 58753 | Depths:3 | Found a flickering gateway to a bazaar.
 58776 | Bazaar   | Entered a bazaar
 58817 | Bazaar   | Found Neciki Caot's Antique Armour Emporium.
 58839 | Bazaar   | Found Payxzu's Assorted Antiques.
 58839 | Bazaar   | Found Yckecw's Weapon Shoppe.
 58861 | Bazaar   | Found Reasuod's Antique Armour Emporium.
 58861 | Bazaar   | Found Fafyuwk's Distillery.
 58977 | Bazaar   | Bought a fine scale mail for 234 gold pieces
 58977 | Bazaar   | Identified the +4 scale mail of the Storm King {-Cast rF+
                  | rCorr Dex+4} (You bought it in a shop in a bazaar)
 59020 | Bazaar   | Bought an amber-studded scale mail for 207 gold pieces
 59020 | Bazaar   | Identified the +0 scale mail of Damas {rF+ Str+6 Dex-2}
                  | (You bought it in a shop in a bazaar)
 59051 | Bazaar   | Bought a heavily runed ring mail for 234 gold pieces
 59051 | Bazaar   | Identified the +5 ring mail "Mealex" {rN++ Slay-6} (You
                  | bought it in a shop in a bazaar)
 59051 | Bazaar   | Bought a shiny buckler for 195 gold pieces
 59080 | Bazaar   | Bought a dazzling ring mail for 207 gold pieces
 59080 | Bazaar   | Identified the +2 ring mail of Gluttony {rF+ Slay+2} (You
                  | bought it in a shop in a bazaar)
 59080 | Bazaar   | Bought a masterwork ring mail for 207 gold pieces
 59080 | Bazaar   | Identified the +1 ring mail of Jenoicso {rElec rC+ Str+3
                  | Int+3} (You bought it in a shop in a bazaar)
 59104 | Bazaar   | Bought a crystal mace for 184 gold pieces
 59104 | Bazaar   | Identified the +7 mace of Zioloapp {venom, rN+ Will+ Str+3}
                  | (You bought it in a shop in a bazaar)
 59120 | Bazaar   | Bought a pair of glowing gloves for 195 gold pieces
 59157 | Bazaar   | Bought a potion of mutation for 104 gold pieces
 59157 | Bazaar   | Bought a potion of mutation for 104 gold pieces
 59163 | Bazaar   | Bought the +0 pair of fencer's gloves {Riposte Dex+3} for
                  | 920 gold pieces
 59163 | Bazaar   | Found the +0 pair of fencer's gloves {Riposte Dex+3}
 59303 | Depths:3 | Reached XP level 24. HP: 164/166 MP: 0/0
 59757 | Depths:3 | Reached skill level 10 in Armour
 60019 | Depths:3 | Identified the +5 battleaxe of Embarrassment {protect,
                  | rF++}
 60056 | Depths:3 | Found a snail-covered altar of Cheibriados.
 60445 | Depths:4 | Noticed a juggernaut
 60449 | Depths:4 | Killed a juggernaut
 60594 | Depths:4 | Identified the +1 scale mail "Zuewe" {Int+2}
 60650 | Depths:4 | Found a white marble altar of Elyvilon.
 60921 | Depths:4 | Noticed a caustic shrike
 60921 | Depths:4 | Noticed a caustic shrike
 60922 | Depths:4 | Noticed a caustic shrike
 60927 | Depths:4 | Killed a caustic shrike
 60927 | Depths:4 | Noticed a caustic shrike
 60933 | Depths:4 | Killed a caustic shrike
 60939 | Depths:4 | Noticed a caustic shrike
 60939 | Depths:4 | Killed a caustic shrike
 60947 | Depths:4 | Killed a caustic shrike
 60948 | Depths:4 | Killed a caustic shrike
 61361 | Depths:4 | Noticed a caustic shrike
 61365 | Depths:4 | Killed a caustic shrike
 61366 | Depths:4 | Reached XP level 25. HP: 159/163 MP: 0/0
 61366 | Depths:4 | Learned a level 8 spell: Lehudib's Crystal Spear
 61759 | Depths:5 | Entered Level 5 of the Depths
 61878 | Depths:5 | Found a gate to the Realm of Zot.
 61901 | Depths:5 | Found a hazy altar of Hepliaklqana.
 62233 | Depths:5 | Reached skill level 15 in Shields
 62234 | Depths:5 | Reached skill level 24 in Spellcasting
 62517 | Depths:5 | Found a portal to a secret trove of treasure.
 62891 | Depths:5 | Found a gateway to a ziggurat.
 63119 | Hell     | Entered the Vestibule of Hell
 63119 | Hell     | Noticed Geryon
 63125 | Hell     | Killed Geryon
 63226 | Hell     | Reached XP level 26. HP: 122/169 MP: 0/0
 63294 | Hell     | Noticed an ancient lich
 63356 | Hell     | Killed an ancient lich
 63573 | Depths:5 | You paid a toll of the horn of Geryon to enter a treasure
                  | trove
 63574 | Trove    | Entered a treasure trove
 63596 | Trove    | Identified the +0 pair of gloves "Seim Per" {rN+ Will+
                  | Str+4}
 63600 | Trove    | Identified the ring of Suspicion {Drain rF+ Will++ Dex+4}
 63791 | Depths:2 | Killed Mennas
 63792 | Depths:2 | Reached skill level 1 in Long Blades
 64030 | Vaults:5 | Entered Level 5 of the Vaults
 64057 | Vaults:5 | Noticed Bai Suzhen
 64073 | Vaults:5 | Reached skill level 5 in Long Blades
 64164 | Vaults:5 | Noticed an ancient lich
 64169 | Vaults:5 | Killed an ancient lich
 64302 | Vaults:5 | Identified the +6 scimitar of Governance {venom, Drain
                  | rF+++ rC+ Int+4}
 64490 | Vaults:5 | Identified the ring of Itzih {Wiz Slay+3}
 64492 | Vaults:5 | Killed Bai Suzhen
 64493 | Vaults:5 | Reached skill level 25 in Spellcasting
 64525 | Vaults:5 | HP: 8/169 [frost giant/bolt of cold (46)]
 64581 | Vaults:5 | Reached XP level 27. HP: 110/175 MP: 0/0
 64581 | Vaults:5 | Learned a level 9 spell: Shatter
 64620 | Vaults:5 | Identified the +6 trident of Dominance {vorpal, Fragile
                  | rN+++ Str+8 Dex-2}
 64928 | Vaults:5 | Got a silver rune of Zot
 65481 | Vaults:5 | Reached skill level 15 in Dodging
 66031 | Crypt:1  | Entered Level 1 of the Crypt
 66635 | Crypt:1  | Found a shimmering altar of Xom.
 66781 | Crypt:2  | Reached skill level 15 in Armour
 67007 | Crypt:2  | Noticed Jory
 67012 | Crypt:2  | Killed Jory
 67588 | Crypt:3  | Entered Level 3 of the Crypt
 67588 | Crypt:3  | Found a staircase to the Tomb.
 67716 | Crypt:3  | Noticed Cips's ghost (veteran GrFi)
 67729 | Crypt:3  | Identified the amulet "Icuck" {RegenMP rC+}
 67851 | Crypt:3  | Noticed Margery
 67860 | Crypt:3  | Killed Margery
 67957 | Crypt:3  | Noticed an ancient lich
 67960 | Crypt:3  | Killed an ancient lich
 68270 | Crypt:3  | Noticed Xtahua
 68281 | Crypt:3  | Killed Xtahua
 68285 | Crypt:3  | Found the +13 scythe of Curses {drain, Drain}
 68305 | Crypt:3  | Identified the amulet "Godesap" {Spirit Dex+4}
 68547 | Crypt:3  | Reached skill level 1 in Short Blades
 68643 | Crypt:3  | Found a transporter.
 68672 | Crypt:3  | Found a transporter.
 69551 | Hell     | Found a gateway to the decaying netherworld of Tartarus.
 69608 | Hell     | Found a gateway to the freezing wastes of Cocytus.
 69675 | Hell     | Found a gateway to the Iron City of Dis.
 69716 | Hell     | Found a gateway to the ashen valley of Gehenna.
 69832 | Tar:1    | Entered Level 1 of Tartarus
 70062 | Dis:1    | Entered Level 1 of the Iron City of Dis
 70291 | Dis:1    | Reached skill level 26 in Spellcasting
 70862 | Dis:5    | Killed from afar by an iron giant

Illustrated notes

Levels and vault maps discovered:
D:1:      minmay_arrival_cross, layout_basic
D:2:      layout_basic, st_stairs_13
D:3:      layout_loops_ring, kennysheep_generic_room_3
D:4:      layout_cave_pods, minitemple, minmay_misc_feat_ornament,
          grunt_decor_junction, st_stairs_9, grunt_ministairs_7, minmay_bent
D:5:      layout_basic, minmay_temple_entry_sparse_star,
          chequers_serial_rivers_large_a, due_unseen_surprise,
          uniq_prince_ribbit1
D:6:      layout_layer_cave
D:7:      layout_rooms, serial_shops, kennysheep_little_box,
          nicolae_shop_competitors_out_of_business, shop, serial_rivers,
          chequers_serial_rivers_micro_b, chequers_serial_rivers_room_a,
          chequers_serial_rivers_small_a, chequers_serial_rivers_micro_e
D:8:      kennysheep_seaside_town, layout_rooms, nicolae_ashenzari_skybound,
          david_lair_shrubbed, lightli_bailey_entry_fortress
D:9:      layout_roguey
D:10:     cheibrodos_shockbox, layout_rooms
D:11:     layout_loops_ring, david_orc_2, serial_ice, serial_ice_o,
          serial_ice_l, serial_ice_d, serial_ice_b,
          portal_ice_cave_entry_ice_beasts, minmay_fractal_squares_gapless_5
D:12:     layout_stronghold, gammafunk_ghost_smash, chequers_decorated_corner,
          nemelex_diamond_rough_becter
D:13:     due_megacathedral, layout_basic, erik_vaults_2,
          einodemon_armed_red_devil_minivault, uniq_kirke
D:14:     layout_basic, grunt_gozag_breadcrumbs, kennysheep_generic_room_12
D:15:     grunt_enter_depths_hoard, layout_loops_cross,
          hangedman_decor_slide_cut, uniq_agnes
Temple:   eino_wide_crystal_templ
Lair:1:   layout_regular_city, minivault_19, chequers_serial_rivers_room_b,
          chequers_serial_rivers_micro_c, roderic_batcave,
          kennysheep_abandoned_house, infiniplex_staircase_pool_2, uniq_sonja
Lair:2:   layout_layer_cave, nicolae_spider_entry_orb_guardian,
          gauntlet_entry_generic, grunt_megastairs_4
Lair:3:   layout_regular_city
Lair:4:   regret_index_combs_of_tragedy, layout_regular_city,
          nicolae_swamp_entry_splash_gauntlet, minivault_23,
          minmay_stone_trees_small, serial_bayou_lake_a, lemuel_fruit_fields
Lair:5:   layout_regular_city, chequers_serial_rivers_small_a, uniq_urug,
          uniq_rupert, uniq_nessos
Lair:6:   cheibrodos_lair_end_hotspot, layout_hall_layers,
          minmay_slime_entry_pillars, special_room [special_room_bee],
          uniq_snorg
Swamp:1:  layout_basic_swamp, evilmike_swamp_ruin_house_4
Swamp:2:  layout_falls_marsh, gammafunk_ghost_mausoleum, hangedman_swamp_cone
Swamp:3:  layout_basic_swamp, evilmike_swamp_ruin_wall, swamp_pool1, uniq_aizul,
          uniq_nikola
Swamp:4:  swamp_basic_johnstein, layout_basic_swamp
Spider:1: layout_spider_delve, uniq_donald
Spider:2: layout_spider_delve
Spider:3: layout_spider_delve, nicolae_spider_webs_and_nodes, hive_lemuel
Spider:4: grunt_spider_rune_circles, uniq_arachne, uniq_asterion
Slime:1:  layout_caves
Orc:1:    layout_caves, serial_shops, nicolae_shop_window_shopping,
          mines2_david, uniq_erolcha, uniq_fannar
Orc:2:    st_orc_congregation, layout_diamond_mine, basic_altar
Elf:1:    elf_arrival_001, layout_geoelf_octagon, hangedman_elf_represent
Elf:2:    layout_geoelf_grid, basic_altar, serial_sigils,
          serial_sigils_hangedman_confine, serial_sigils_hangedman_gut,
          serial_sigils_hangedman_snap
Elf:3:    minmay_elf_hall_spiked, layout_loops_cross, serial_shops,
          nicolae_shop_overgrown_old_shop, nicolae_elf_big_sculpture_2,
          minivault_16
Vaults:1: vaults_standard_mumra_enter_the_diamond,
          nicolae_vaults_little_squares_5, vaults_mumra_hexcomb, v_misc_5,
          v_misc_24, ontoclasm_vaults_shout, v_alt_pattern_3, v_misc_11,
          layout_vaults_quadrants, serial_shops, nicolae_shop_stone
Vaults:2: nicolae_vaults_disjoint_gnomons, nicolae_vaults_network_quincunx
          [nicolae_vaults_network_quincunx_subvault,
          nicolae_vaults_network_quincunx_subvault,
          nicolae_vaults_network_quincunx_subvault,
          nicolae_vaults_network_quincunx_subvault,
          nicolae_vaults_network_quincunx_subvault],
          nicolae_vaults_little_squares_6, nicolae_vaults_circle_grid_a,
          vaults_room_corners, vaults_room_pools,
          nicolae_vaults_little_squares_6, vaults_room_ringed_pool,
          nicolae_vaults_puzzle_piece, nicolae_vaults_octagons,
          vaults_room_grunt_arrival_checkpoint, vaults_room_hallway,
          v_pattern_3, layout_vaults_maze, serial_shops, shop
Vaults:3: minmay_crypt_entry_necro_gods, v_misc_2,
          nicolae_vaults_know_your_exits, vaults_dpeg_encased_lava,
          vaults_dpeg_cross, vaults_dpeg_diagonal, ontoclasm_vaults_hangar,
          vaults_standard_mumra_x, v_misc_9, ontoclasm_vaults_tryst,
          ontoclasm_vaults_loading_screen, nicolae_vaults_network_periphery,
          nicolae_vaults_windows_and_doors_thing, ontoclasm_vaults_ring_square,
          layout_vaults_big_cross, uniq_mara
Vaults:4: ebering_vaults_ghost_disaster_area, ontoclasm_vaults_bender,
          v_misc_33, vaults_room_fours, v_alt_pattern_4, st_octagons_2,
          nicolae_vaults_network_s, nicolae_vaults_yaktaur_gun_rack,
          v_alt_pattern_6, nicolae_vaults_three_branches,
          grunt_vaults_hallway_short, layout_vaults_ring, serial_shops,
          nicolae_shop_temple_entry_statues_fountains
Vaults:5: uniq_bai_suzhen
Crypt:1:  layout_misc_corridors, basic_altar, roderic_lattice_octagonal_star
Crypt:2:  layout_regular_city, grunt_megastairs_1, uniq_jory
Crypt:3:  church_of_pain_bobbens, layout_chaotic_city,
          tomb_entry_forgotten_bobbens, gammafunk_ghost_abyssal_escape,
          uniq_xtahua, uniq_margery
Depths:1: layout_honeycomb, minmay_misc_feat_nine_boxes, hellmouth_2,
          rand_demon_pan_entry_1, abyss_entry, trog_three_pillars_becter,
          firewood_loft, uniq_sojobo
Depths:2: kennysheep_bubble_arena, layout_cave_shapes, skrybe_limestone_x,
          pf_dread_powers_of_hell, pan_entry, chequers_serial_rivers_room_b,
          infiniplex_staircase_hallway_doors
Depths:3: pf_snail_temple, layout_basic, minmay_misc_feat_chi,
          grunt_pan_entry_in_and_out, serial_shops, freezing_bzr, abyss_entry,
          pf_coc_iceberg, minmay_misc_feat_iff, uniq_mennas
Depths:4: thingy_vault, layout_cave_shapes, hell_entry,
          kennysheep_cross_landing, abyss_entry, rand_demon_pan_entry_5,
          grunt_decor_arrowhead, elyvilon_altar_4,
          infiniplex_staircase_zigzag_5, serial_bayou_shore_b
Depths:5: grunt_zot_entry_pinwheel, layout_basic, enter_ziggurat_a, hell_entry,
          nicolae_trove_entry_isolated, nicolae_hepliaklqana_hazy_memory,
          pan_entry, grunt_megastairs_3
Hell
Dis:1:    layout_jigsaw
Dis:2:    layout_overlapping_boxes
Dis:3:    layout_overlapping_boxes
Dis:4:    layout_regular_city, grunt_megastairs_5
Dis:5:    layout_subdivisions
Tar:1:    layout_catacombs, nicolae_tar_cuneiform_sun

Skill      XL: |  1  2  3  4  5  6  7  8  9 10 11 12 13 14 15 16 17 18 19 20 21 22 23 24 25 26 27 |
---------------+----------------------------------------------------------------------------------+-----
Spellcasting   | 3 4 5 6 8 10 12 13 15 16 17 18 19 20 21 22 23 24 25 26 | 26.0
Fighting       | 1 2 3 4 6 7 9 11 12 | 12.8
Armour         | 1 4 6 9 11 14 17 | 17.2
Shields        | 1 4 6 7 9 10 12 13 15 | 15.0
Invocations    | 2 5 9 12 14 | 14.2
Dodging        | 3 7 9 11 13 14 17 | 17.9
Stealth        | 5 |  5.7
Evocations     | 4 7 10 11 12 14 15 | 15.0
Long Blades    | 8 |  8.7
Short Blades   | 2 |  2.4

Action                   |  1- 3 |  4- 6 |  7- 9 | 10-12 | 13-15 | 16-18 | 19-21 | 22-24 | 25-27 || total
-------------------------+-------+-------+-------+-------+-------+-------+-------+-------+-------++-------
Melee: Spear             |    12 |       |       |       |       |       |       |       |       ||    12
       Hand axe          |    15 |       |       |       |       |       |       |       |       ||    15
       Rapier            |     6 |       |       |       |       |       |       |       |       ||     6
       Short sword       |    40 |   174 |    41 |    40 |    58 |       |       |       |       ||   353
       Staff             |       |       |     4 |       |     9 |     5 |     4 |     7 |    14 ||    43
       Trident           |       |       |       |       |    19 |       |       |       |       ||    19
       Demon trident     |       |       |       |       |       |       |     2 |       |       ||     2
       War axe           |       |       |       |       |       |       |     1 |       |     3 ||     4
       Falchion          |       |       |       |       |       |       |       |     7 |    49 ||    56
 Cast: Sandblast         |    14 |    14 |       |     6 |     1 |       |     1 |     1 |       ||    37
       Stone Arrow       |       |    15 |   135 |    56 |   127 |    17 |       |       |       ||   350
       Corona            |       |     1 |       |     1 |       |       |       |       |    18 ||    20
       Call Imp          |       |       |    30 |    19 |    45 |    40 |       |     6 |       ||   140
       Passwall          |       |       |     4 |       |       |       |       |       |       ||     4
       Slow              |       |       |     2 |    20 |     6 |     9 |     1 |       |       ||    38
       Inner Flame       |       |       |    15 |    13 |     9 |       |     2 |       |       ||    39
       Lee's Rapid Decon |       |       |     5 |    90 |   180 |   179 |   229 |   224 |   150 ||  1057
       Petrify           |       |       |       |     2 |       |       |       |       |       ||     2
       Fireball          |       |       |       |    96 |   165 |    93 |     1 |    23 |    11 ||   389
       Bolt of Magma     |       |       |       |       |    58 |    66 |   152 |   272 |   100 ||   648
       Death Channel     |       |       |       |       |     8 |    52 |    95 |    95 |    67 ||   317
       Orb of Destructio |       |       |       |       |       |   155 |   135 |   126 |   138 ||   554
       Simulacrum        |       |       |       |       |       |       |    30 |    24 |    14 ||    68
       Malign Gateway    |       |       |       |       |       |       |       |     6 |       ||     6
       Borgnjor's Revivi |       |       |       |       |       |       |       |     1 |       ||     1
       Lehudib's Crystal |       |       |       |       |       |       |       |       |   372 ||   372
       Shatter           |       |       |       |       |       |       |       |       |     5 ||     5
Invok: Lesser Servant of |       |       |       |       |       |     1 |       |       |       ||     1
       Greater Servant o |       |       |       |       |       |       |       |     1 |     4 ||     5
       Major Destruction |       |       |       |       |       |       |       |       |     1 ||     1
 Abil: Evoke Invisibilit |       |       |       |       |       |       |       |     1 |       ||     1
Evoke: Wand              |       |       |       |       |       |       |       |     2 |       ||     2
       Condenser vane    |       |       |       |       |       |       |       |       |     3 ||     3
  Use: Scroll            |     5 |     2 |     4 |     6 |    15 |     6 |     4 |     6 |     9 ||    57
       Potion            |       |       |       |     3 |       |     3 |     2 |     1 |     6 ||    15
 Stab: Sleeping          |     4 |     2 |     1 |       |     1 |       |       |       |       ||     8
       Distracted        |       |       |     1 |       |       |       |       |     1 |     2 ||     4
Armor: Robe              |    12 |    11 |       |       |       |       |       |       |       ||    23
       Leather armour    |       |    22 |    27 |    28 |       |       |       |       |       ||    77
       Scale mail        |       |       |       |    15 |    25 |       |       |       |       ||    40
       Troll leather arm |       |       |       |       |    42 |    47 |    52 |    41 |       ||   182
       Ring mail         |       |       |       |       |       |       |       |    36 |   105 ||   141
       Storm dragon scal |       |       |       |       |       |       |       |       |   119 ||   119
Dodge: Dodged            |    42 |    82 |    52 |    46 |    82 |   107 |    89 |   186 |   243 ||   929
Block: Other             |       |       |     5 |     2 |       |       |       |       |       ||     7
       Reflection        |       |       |     5 |     2 |     5 |     1 |       |       |       ||    13
       Buckler           |       |       |       |    39 |    95 |    65 |    58 |    96 |    15 ||   368
       Kite shield       |       |       |       |       |       |       |       |       |   249 ||   249
       Rpst.: Falchion   |       |       |       |       |       |       |       |     6 |    25 ||    31

Table legend: (Time is in decaauts)
 A = Elapsed time spent in this place.
 B = Non-inter-level travel time spent in this place.
 C = Inter-level travel time spent in this place.
 D = Time resting spent in this place.
 E = Time spent auto-exploring this place.
 F = Levels seen in this place.
 G = Mean time per level.
                   A        B        C        D        E       F      G
               +--------+--------+--------+--------+--------+-----+--------+
         Total |  71019 |  62349 |   8670 |  12589 |  19815 |  61 | 1164.2 |
       Dungeon |  22985 |  20395 |   2590 |   7268 |   7036 |  15 | 1532.3 |
        Temple |     54 |     45 |      9 |      0 |     44 |   1 |   54.0 |
          Lair |   8958 |   7205 |   1753 |   1101 |   3056 |   6 | 1493.0 |
         Swamp |   2868 |   2573 |    295 |     69 |    619 |   4 |  717.0 |
   Spider Nest |   2231 |   1986 |    245 |      8 |   1217 |   4 |  557.8 |
    Slime Pits |      1 |      1 |      0 |      0 |      0 |   1 |    1.0 |
  Orcish Mines |   2136 |   1447 |    689 |     42 |    574 |   2 | 1068.0 |
   Elven Halls |   4376 |   3460 |    916 |    164 |    959 |   3 | 1458.7 |
        Vaults |   8918 |   7569 |   1349 |     60 |   2436 |   5 | 1783.6 |
         Crypt |   3163 |   2917 |    246 |     87 |   1230 |   3 | 1054.3 |
        Depths |   7700 |   7125 |    575 |    379 |   2457 |   5 | 1540.0 |
          Hell |    605 |    604 |      1 |     43 |    187 |   1 |  605.0 |
           Dis |    795 |    795 |      0 |     55 |      0 |   5 |  159.0 |
      Tartarus |    139 |    139 |      0 |      0 |      0 |   1 |  139.0 |
        Bazaar |    404 |    404 |      0 |      0 |      0 |   1 |  404.0 |
         Trove |     93 |     93 |      0 |      0 |      0 |   1 |   93.0 |
        Bailey |    816 |    816 |      0 |    470 |      0 |   1 |  816.0 |
      Ice Cave |   3817 |   3817 |      0 |   2729 |      0 |   1 | 3817.0 |
      Gauntlet |    949 |    949 |      0 |    113 |      0 |   1 |  949.0 |
               +--------+--------+--------+--------+--------+-----+--------+

Top non-repeatable levels by time:
   IceCv: 3817 daAuts
     D:4: 2535 daAuts
     D:8: 2403 daAuts
     D:6: 2366 daAuts
Vaults:1: 2223 daAuts
  Lair:2: 2111 daAuts
Vaults:3: 1914 daAuts
  Lair:4: 1807 daAuts
   Elf:3: 1801 daAuts
    D:13: 1786 daAuts
    D:11: 1735 daAuts
Depths:5: 1694 daAuts
Depths:1: 1672 daAuts
     D:9: 1663 daAuts
Vaults:5: 1647 daAuts
